 Dungeon Crawl Stone Soup version 0.24.1-14-gf8d2b509d9 (console) character file.

Game seed: 1117734968150578605, levelgen mode: deterministic

630 Kagalorn the Cutter (level 7, -1/56 HPs)
             Began as a Gnoll Wanderer on July 23, 2020.
             Slain by an iguana (9 damage)
             ... on level 4 of the Dungeon.
             The game lasted 00:08:26 (3387 turns).

Kagalorn the Cutter (Gnoll Wanderer)                Turns: 3387, Time: 00:08:27

Health: -1/56      AC: 11    Str: 18    XL:     7   Next: 48%
Magic:  10/10      EV:  9    Int: 12    God:
Gold:   288        SH:  0    Dex: 15    Spells: 10/10 levels left

rFire    . . .     SeeInvis .   a - +3 short sword (holy)
rCold    + . .     Gourm    .   (no shield)
rNeg     . . .     Faith    .   z - +1 chain mail {rC+}
rPois    .         Spirit   .   u - +0 helmet
rElec    .         Reflect  .   (no cloak)
rCorr    .         Harm     .   (no gloves)
MR       .....                  (no boots)
Stlth    ..........             (no amulet)
HPRegen  0.18/turn              (no ring)
MPRegen  0.12/turn              (no ring)

@: no status effects
A: distributed training, fangs 1, strong nose
a: no special abilities


You were on level 4 of the Dungeon.
You were not hungry.

You visited 1 branch of the dungeon, and saw 4 of its levels.

You collected 288 gold pieces.

Inventory:

Hand Weapons
 a - a +3 short sword of holy wrath (weapon)
 b - a +3 mace
Missiles
 h - 243 stones
 i - 9 sling bullets
 q - 18 arrows
 t - 21 poisoned darts (quivered)
Armour
 d - a cursed +0 cloak
 u - a +0 helmet (worn)
 z - a +1 chain mail of cold resistance (worn)
Jewellery
 s - an uncursed ring of fire
Wands
 r - a wand of random effects (14)
Scrolls
 c - a scroll of magic mapping {unknown}
 k - 4 scrolls of remove curse
 m - a scroll of fear {unknown}
 o - a scroll of enchant weapon
 w - 2 scrolls of amnesia
 y - a scroll of teleportation
Potions
 g - 4 potions of curing {unknown}
 n - a potion of berserk rage
 p - a potion of brilliance
 v - a potion of mutation
 x - a potion of cancellation
Comestibles
 f - 10 rations
 j - 8 chunks of flesh


   Skills:
 + Level 5.2 Fighting
 + Level 7.0 Short Blades
 + Level 2.4 Long Blades
 + Level 2.4 Axes
 + Level 2.4 Maces & Flails
 + Level 5.2 Polearms
 + Level 2.4 Staves
 + Level 2.4 Slings
 + Level 2.4 Bows
 + Level 2.4 Crossbows
 + Level 2.4 Throwing
 + Level 2.4 Armour
 + Level 3.6 Dodging
 + Level 3.4 Stealth
 + Level 3.6 Shields
 + Level 2.4 Unarmed Combat
 + Level 2.4 Spellcasting
 + Level 2.0 Conjurations
 + Level 2.0 Hexes
 + Level 2.0 Charms
 + Level 2.0 Summonings
 + Level 2.0 Necromancy
 + Level 2.0 Translocations
 + Level 2.0 Transmutations
 + Level 2.0 Fire Magic
 + Level 2.0 Ice Magic
 + Level 2.0 Air Magic
 + Level 2.0 Earth Magic
 + Level 2.0 Poison Magic
 + Level 2.7 Invocations
 + Level 2.4 Evocations


You had 10 spell levels left.
You didn't know any spells.
Your spell library was empty.

Dungeon Overview and Level Annotations

Branches:
Dungeon (4/15)
 Temple: D:4-7

Altars:
Hepliaklqana


Innate Abilities, Weirdness & Mutations

Your experience applies equally to all skills.
You have very sharp teeth.
Your uncanny sense of smell can sniff out nearby items.


Message History

You hit the hound but do no damage. Your bite misses the hound.
The hound is almost dead.
The hound bites you.
* * * LOW HITPOINT WARNING * * *
The hound barely misses you.
You hit the hound but do no damage.
The hound is almost dead.
The iguana barely misses you. The hound bites you but does no damage.
You hit the hound.
You kill the hound!
The iguana bites you but does no damage.
Press: ? - help, v - describe, . - travel
Here: an iguana The floor, spattered with blood.
There is an open door here.
Things that are here:
a +0 giant spiked club; an ogre corpse The iguana hisses menacingly.
The iguana bites you!
You die...

.[......................
#######.##..........##.
...##..........#
######..........# #.##
#..........##
######..###.....!..)..#
#........##.#######...#
#.>...♣.).'.# #.>.#
#.......@#### #...#
######.l##.# #####...#
#..#O##..# #...#####
.###..#)#...####...#####
..........O............+
...#........####...#####
. #........# #...#####..
#........# #........##
#........# ###O.......


You could see an ogre and an iguana.

Vanquished Creatures
  Menkaure (D:4)
  An ogre (D:4)
  A howler monkey (D:2)
  A hound (D:4)
  Crazy Yiuf (D:3)
  An orc priest (D:3)
  A centaur skeleton (D:4)
  Terence (D:3)
  Natasha (thrice) (D:3)
  Robin (D:3)
  4 gnolls
  2 adders
  2 oozes
  2 worms (D:2)
  2 dart slugs
  A leopard gecko (D:1)
  4 orcs
  A ball python (D:4)
  4 bats
  4 giant cockroaches
  17 goblins
  10 hobgoblins
  4 jackals
  6 kobolds
  A quokka (D:2)
  3 frilled lizards
  A quokka skeleton (D:4)
  12 rats
92 creatures vanquished.

Notes
Turn   | Place    | Note
-------+----------+-------------------------------------------
     0 | D:1      | Kagalorn the Gnoll Wanderer began the quest for the Orb.
     0 | D:1      | Kagalorn set off with the following items: a +2 dagger, a
                  | potion of berserk rage, a +0 short sword, a +0 spear, a +0
                  | robe, a ration
     0 | D:1      | Reached XP level 1. HP: 20/20 MP: 1/1
   191 | D:1      | Reached XP level 2. HP: 23/26 MP: 2/2
   708 | D:1      | Reached XP level 3. HP: 16/31 MP: 3/3
  1085 | D:2      | Reached skill level 1 in Long Blades
  1085 | D:2      | Reached skill level 1 in Axes
  1085 | D:2      | Reached skill level 1 in Maces & Flails
  1085 | D:2      | Reached skill level 1 in Staves
  1085 | D:2      | Reached skill level 1 in Slings
  1085 | D:2      | Reached skill level 1 in Bows
  1085 | D:2      | Reached skill level 1 in Crossbows
  1085 | D:2      | Reached skill level 1 in Throwing
  1085 | D:2      | Reached skill level 1 in Armour
  1085 | D:2      | Reached skill level 1 in Unarmed Combat
  1085 | D:2      | Reached skill level 1 in Spellcasting
  1085 | D:2      | Reached skill level 1 in Invocations
  1085 | D:2      | Reached skill level 1 in Evocations
  1085 | D:2      | Reached XP level 4. HP: 27/38 MP: 3/5
  1423 | D:2      | Reached skill level 1 in Conjurations
  1423 | D:2      | Reached skill level 1 in Hexes
  1423 | D:2      | Reached skill level 1 in Charms
  1423 | D:2      | Reached skill level 1 in Summonings
  1423 | D:2      | Reached skill level 1 in Necromancy
  1423 | D:2      | Reached skill level 1 in Translocations
  1423 | D:2      | Reached skill level 1 in Transmutations
  1423 | D:2      | Reached skill level 1 in Fire Magic
  1423 | D:2      | Reached skill level 1 in Ice Magic
  1423 | D:2      | Reached skill level 1 in Air Magic
  1423 | D:2      | Reached skill level 1 in Earth Magic
  1423 | D:2      | Reached skill level 1 in Poison Magic
  1607 | D:1      | Reached XP level 5. HP: 23/43 MP: 6/6
  2259 | D:3      | Found a hazy altar of Hepliaklqana.
  2380 | D:3      | Noticed Robin
  2415 | D:3      | Killed Robin
  2635 | D:3      | Noticed Terence
  2637 | D:3      | Reached XP level 6. HP: 40/50 MP: 8/8
  2671 | D:3      | Killed Terence
  2749 | D:3      | Noticed Natasha
  2763 | D:3      | Killed Natasha
  2855 | D:3      | Noticed Natasha
  2876 | D:3      | Killed Natasha
  2925 | D:3      | Found a runed translucent door.
  2926 | D:3      | Noticed Crazy Yiuf
  2974 | D:3      | Noticed Natasha
  2982 | D:3      | Killed Natasha
  2982 | D:3      | Reached skill level 5 in Fighting
  2982 | D:3      | Reached skill level 5 in Polearms
  3204 | D:3      | Killed Crazy Yiuf
  3297 | D:4      | Noticed Menkaure
  3300 | D:4      | Killed Menkaure
  3300 | D:4      | Reached XP level 7. HP: 56/56 MP: 10/10
  3306 | D:4      | Reached skill level 7 in Short Blades
  3387 | D:4      | Slain by an iguana

Levels and vault maps discovered:
D:1:      tarquinn_simple_flora_water_d, layout_basic,
          wander_ebering_terrifying_dragon_lair
D:2:      layout_rooms, minmay_misc_feat_ornament
D:3:      layout_loops_ring, overflow_temple_1_default, uniq_terence,
          uniq_crazy_yiuf_cottage, uniq_natasha, uniq_robin
D:4:      layout_basic, hellmonk_ghost_happy_afterlife, grunt_ministairs_14,
          uniq_menkaure

Skill      XL: |  1  2  3  4  5  6  7 |
---------------+----------------------+-----
Long Blades    | 1 2 |  2.4
Axes           | 1 2 |  2.4
Maces & Flails | 1 2 |  2.4
Staves         | 1 2 |  2.4
Slings         | 1 2 |  2.4
Bows           | 1 2 |  2.4
Crossbows      | 1 2 |  2.4
Throwing       | 1 2 |  2.4
Armour         | 1 2 |  2.4
Unarmed Combat | 1 2 |  2.4
Spellcasting   | 1 2 |  2.4
Invocations    | 1 2 |  2.7
Evocations     | 1 2 |  2.4
Conjurations   | 1 2 |  2.0
Hexes          | 1 2 |  2.0
Charms         | 1 2 |  2.0
Summonings     | 1 2 |  2.0
Necromancy     | 1 2 |  2.0
Translocations | 1 2 |  2.0
Transmutations | 1 2 |  2.0
Fire Magic     | 1 2 |  2.0
Ice Magic      | 1 2 |  2.0
Air Magic      | 1 2 |  2.0
Earth Magic    | 1 2 |  2.0
Poison Magic   | 1 2 |  2.0
Dodging        | 3 |  3.6
Shields        | 3 |  3.6
Stealth        | 3 |  3.4
Fighting       | 5 |  5.2
Polearms       | 5 |  5.2
Short Blades   | 7 |  7.0

Action                   |  1- 3 |  4- 6 |  7- 9 || total
-------------------------+-------+-------+-------++-------
Melee: Dagger            |    82 |   296 |       ||   378
       Bite              |     6 |    38 |     5 ||    49
       Punch             |       |     3 |     1 ||     4
       Short sword       |       |    21 |    27 ||    48
Throw: Dart              |       |       |     4 ||     4
  Use: Scroll            |       |     9 |       ||     9
 Stab: Sleeping          |     5 |       |       ||     5
  Eat: Chunk             |       |     8 |       ||     8
Armor: Robe              |     5 |       |       ||     5
       Scale mail        |     3 |    61 |       ||    64
       Chain mail        |       |    27 |    11 ||    38
Dodge: Dodged            |    39 |   106 |    10 ||   155
